 Dungeon Crawl Stone Soup version 0.26-a0-649-gf8c6c3aab7 (webtiles) character file.

Game seed: 16337655308070603170

486 elmdor the Chopper (level 6, -1/53 HPs)
             Began as a Palentonga Brigand on Sept 27, 2020.
             Was a Priest of Makhleb.
             Slain by a bullfrog (2 damage)
             ... in a sewer.
             The game lasted 00:13:42 (6404 turns).

elmdor the Chopper (Palentonga Brigand)             Turns: 6404, Time: 00:13:43

Health: -1/53      AC:  6    Str: 16    XL:     6   Next: 89%
Magic:  15/15      EV:  8    Int: 12    God:    Makhleb [***...]
Gold:   211        SH:  4    Dex: 11    Spells: 5/5 levels left

rFire    . . .     SeeInvis +   m - +0 hand axe (vorpal)
rCold    . . .     Faith    .   j - +0 buckler
rNeg     . . .     Spirit   .   h - +0 ring mail
rPois    .         Reflect  .   (no helmet)
rElec    .         Harm     .   c - +0 cloak
rCorr    .         Rampage  .   (no gloves)
MR       .....                  (no barding)
Stlth    +.........             (no amulet)
HPRegen  0.17/turn              l - ring of magical power
MPRegen  0.14/turn              (no ring)

@: about to teleport
A: large, rugged brown scales 3, see invisible, deformed body, roll, armoured
tail
a: Rolling Charge, Minor Destruction, Lesser Servant of Makhleb, Renounce
Religion


You were in a sewer.
You worshipped Makhleb.
Makhleb was most pleased with you.
You visited 1 branch of the dungeon, and saw 6 of its levels.
You also visited: Sewer.

You collected 211 gold pieces.

Inventory:

Hand Weapons
 g - a +0 morningstar
 m - a +0 vorpal hand axe (weapon)
 y - a +0 hunting sling
Missiles
 d - 32 poisoned darts (quivered)
 e - 2 curare-tipped darts
 f - 228 stones
 o - 47 sling bullets
Armour
 c - a +0 cloak (worn)
 h - a +0 ring mail (worn)
 j - a +0 buckler (worn)
Jewellery
 l - a ring of magical power (left hand)
Wands
 s - a wand of digging (8)
Scrolls
 a - 3 scrolls of teleportation
 i - a scroll of remove curse
 q - a scroll of enchant armour
 u - a scroll of magic mapping
 v - a scroll of immolation
 z - 2 scrolls of amnesia
 C - a scroll of enchant weapon {unknown}
Potions
 p - 4 potions of stabbing
 t - a potion of curing
 w - a potion of flight {unknown}
 x - 4 potions of brilliance {unknown}
 B - 2 potions of cancellation {unknown}


   Skills:
 - Level 2.9 Fighting
   Level 2.0 Short Blades
 + Level 5.9 Axes
 - Level 1.3 Throwing
 - Level 0.7 Dodging
 - Level 2.6 Stealth
 - Level 2.4 Shields


You had 5 spell levels left.
You didn't know any spells.
Your spell library contained the following spells:

 Spells                   Type           Power        Failure   Level
 Foxfire                  Conj/Fire      #...         54%         1
 Conjure Flame            Conj/Fire      #.......     88%         3
 Inner Flame              Hex/Fire       #.......     88%         3
 Sticky Flame             Conj/Fire      #.......     99%         4
 Fireball                 Conj/Fire      #.........   100%        5


Dungeon Overview and Level Annotations

Branches:
Dungeon (6/15)             Temple (0/1) D:5           Sewer (1/1)

Altars:
Dithmenos
Makhleb
Okawaru
The Shining One

Annotations:
D:4 Grinder


Innate Abilities, Weirdness & Mutations

You are completely covered in rugged brown scales. (AC +3, +7% HP)
You have supernaturally acute eyesight. (SInv)
Armour fits poorly on your strangely shaped body.
You can roll at foes to attack.
You have a long armoured tail.


Message History

* * * LOW HITPOINT WARNING * * *
The bullfrog hits you!
* * * LOW HITPOINT WARNING * * *
Unknown command.
Unknown command.
You feel better. The bullfrog hits you.
* * * LOW HITPOINT WARNING * * *
The bullfrog hits you.
* * * LOW HITPOINT WARNING * * *
As you read the scroll of teleportation, it crumbles to dust.
You feel strangely unstable. The bullfrog hits you.
* * * LOW HITPOINT WARNING * * *
The bullfrog hits you.
* * * LOW HITPOINT WARNING * * *
The bullfrog barely misses you. The bullfrog closely misses you.
The bullfrog hits you but does no damage.
The bullfrog hits you.
* * * LOW HITPOINT WARNING * * *
The bullfrog closely misses you. The bullfrog hits you.
You die...

#.≈#≈≈##≈≈≈≈≈.≈##≈.≈#≈#≈≈#
#≈.#≈†#≈≈≈≈≈≈..≈#≈≈∩#≈#.≈#
#≈.#.≈#≈≈≈...≈≈≈#.≈.#≈#≈≈#
#≈≈#≈≈#≈≈≈?.≈≈≈≈#≈≈##≈#≈≈#
#≈†#≈.#≈..$(†≈≈≈#≈.#.≈#≈≈#
#≈≈#≈≈#≈..[.(≈.≈#.≈#††#≈≈#
#≈≈#≈.##≈≈..≈.≈##..#≈.≈≈≈#
#≈≈##≈.#≈≈≈.≈≈FF††.#≈.≈≈.#
#≈.≈#..##≈≈≈≈.≈@≈###.≈.≈≈#
##≈≈#.≈†##≈≈.≈≈###≈#######
#≈≈##.≈.#######.≈≈≈.#
#≈≈.#≈≈.≈≈≈≈≈.≈≈≈≈≈≈#
##†≈##≈.≈≈≈..≈.##≈≈##
#.≈.##≈.≈≈≈≈≈##≈≈##
#≈≈≈≈###≈≈≈###††≈#
##.≈≈≈.#####≈≈≈..#
##≈≈≈†≈.≈≈≈≈..≈##


You could see 2 bullfrogs.

Vanquished Creatures
  A hound (D:5)
  A gnoll shaman (D:6)
  An orc priest (D:4)
  A worker ant (D:5)
  4 gnolls
  11 adders
  A white imp (D:5)
  10 oozes
  A worm (D:2)
  4 dart slugs
  18 leopard geckos
  5 orcs
  13 giant cockroaches
  9 goblins
  9 hobgoblins
  3 jackals (D:2)
  13 kobolds
  4 quokkas
  19 ball pythons (Sewer)
  8 bats
  18 frilled lizards
  6 rats
160 creatures vanquished.

Vanquished Creatures (others)
  6 plants (D:3)
6 creatures vanquished.

Grand Total: 166 creatures vanquished

Notes
Turn   | Place    | Note
-------+----------+-------------------------------------------
     0 | D:1      | elmdor the Palentonga Brigand began the quest for the Orb.
     0 | D:1      | Reached XP level 1. HP: 18/18 MP: 1/1
   152 | D:1      | Reached XP level 2. HP: 6/26 MP: 2/2
   900 | D:1      | Reached skill level 1 in Axes
  1019 | D:1      | Reached XP level 3. HP: 32/32 MP: 3/3
  1363 | D:2      | Reached skill level 1 in Shields
  1959 | D:2      | Reached XP level 4. HP: 39/39 MP: 4/4
  1972 | D:2      | Reached skill level 2 in Axes
  2127 | D:2      | Found a faded altar of an unknown god.
  2273 | D:2      | Found an iron altar of Okawaru.
  2273 | D:2      | Found a burning altar of Makhleb.
  2278 | D:2      | Became a worshipper of Makhleb the Destroyer
  2384 | D:2      | Found a shadowy altar of Dithmenos.
  2995 | D:3      | Found a glowing golden altar of the Shining One.
  3001 | D:3      | Reached XP level 5. HP: 36/47 MP: 5/5
  3216 | D:3      | Reached skill level 3 in Axes
  4347 | D:4      | Noticed Grinder
  5068 | D:5      | Entered Level 5 of the Dungeon
  5070 | D:5      | Found a staircase to the Ecumenical Temple.
  5079 | D:5      | Reached * piety under Makhleb
  5140 | D:5      | Reached skill level 4 in Axes
  5558 | D:5      | Reached XP level 6. HP: 34/53 MP: 6/6
  5813 | D:6      | Found a glowing drain.
  5830 | Sewer    | Entered a sewer
  5834 | Sewer    | Reached skill level 5 in Axes
  6128 | Sewer    | Reached ** piety under Makhleb
  6370 | Sewer    | Reached *** piety under Makhleb
  6401 | Sewer    | HP: 2/53 [bullfrog (1)]
  6404 | Sewer    | Slain by a bullfrog

Illustrated notes

Levels and vault maps discovered:
D:1:      scummos_arrival_forest, layout_loops_corners, st_stairs_9,
          kennysheep_nondescript
D:2:      layout_basic, nicolae_dithmenos_shadow_blocks,
          gammafunk_temple_overflow_statue,
          chequers_ecumenical_altar_simple_redux
D:3:      layout_loops_cross, nicolae_overflow_crystal_walls,
          serial_bayou_lake_a
D:4:      layout_basic, serial_co_window_serial, co_window_of_opportunity_a,
          co_window_paths_a, co_window_paths_a, co_window_corner_a,
          co_window_paths_a, co_window_paths_a, co_window_corner_a,
          co_window_broadway_b, co_window_of_opportunity_c,
          co_window_broadway_a, glass_columns_b, glass_columns_b,
          glass_columns_b, glass_columns_a, uniq_grinder
D:5:      layout_basic, minmay_temple_entry_arrows
D:6:      layout_rooms, portal_sewer_entry_f, gammafunk_ghost_smash,
          minmay_splitting_lines, minmay_fractal_squares_gapless_5
Sewer:    sewer_frog_island_02

Skill      XL: |  1  2  3  4  5  6 |
---------------+-------------------+-----
Axes           | 1 2 4 5 |  5.9
Shields        | 1 2 |  2.4
Fighting       | |  2.9
Short Blades   | |  2.0
Throwing       | |  1.3
Dodging        | |  0.7
Stealth        | |  2.6

Action                   |  1- 3 |  4- 6 || total
-------------------------+-------+-------++-------
Melee: Dagger            |    35 |       ||    35
       Tailslap          |    10 |    43 ||    53
       Hand axe          |    97 |   379 ||   476
 Abil: Rolling Charge    |     3 |    15 ||    18
  Use: Scroll            |       |    15 ||    15
       Potion            |       |     5 ||     5
 Stab: Sleeping          |     2 |     1 ||     3
Armor: Robe              |    66 |    40 ||   106
       Ring mail         |       |   108 ||   108
Dodge: Dodged            |    77 |   161 ||   238
Block: Buckler           |    18 |    56 ||    74

Table legend: (Time is in decaauts)
 A = Elapsed time spent in this place.
 B = Non-inter-level travel time spent in this place.
 C = Inter-level travel time spent in this place.
 D = Time resting spent in this place.
 E = Time spent auto-exploring this place.
 F = Levels seen in this place.
 G = Mean time per level.
                   A        B        C        D        E       F      G
               +--------+--------+--------+--------+--------+-----+--------+
         Total |   6537 |   6212 |    325 |   1559 |   2996 |   7 |  933.9 |
       Dungeon |   5894 |   5569 |    325 |   1353 |   2964 |   6 |  982.3 |
         Sewer |    642 |    642 |      0 |    206 |     31 |   1 |  642.0 |
               +--------+--------+--------+--------+--------+-----+--------+

Top non-repeatable levels by time:
     D:2: 1653 daAuts
     D:1: 1234 daAuts
     D:4: 1203 daAuts
     D:3: 1106 daAuts
   Sewer: 642 daAuts
     D:5: 566 daAuts
     D:6: 130 daAuts
